Map: Pylon LE

Players

ManlyManMeat - Winner!

  • Race: Zerg Zerg
  • League: Diamond
  • Spawn Location: 5:00

SailorMoon

  • Race: Protoss Protoss
  • League: Master
  • Spawn Location: 11:00

VOD

Have the link to the VOD?

Description

Time

  • Played on: July 5, 2025, 7:31 a.m.
  • Length: 9:55
Show
View Real Time Build Order
Export as new Build Order

ManlyManMeat Zerg - Winner!

Build Orders: Hatch First 

Get SALT Encoding   

  12  0:00  Drone  
  13  0:08  Drone  
  13  0:13  Extractor  
  13  0:15  Drone  
  15  0:21  Overlord  
  15  0:42  Drone  
  16  0:50  Hatchery  
  16  0:51  Drone  
  16  0:54  Drone  
  17  0:58  Drone  
  18  1:08  Extractor  
  17  1:15  Spawning Pool  
  17  1:17  Drone  
  17  1:22  Drone  
  18  1:34  Drone  
  20  1:40  Drone  
  20  2:02  Queen  
  20  2:03  Zergling x2, Queen  
  20  2:04  Zergling x2  
  26  2:09  Overlord  
  26  2:16  Metabolic Boost  
  26  2:25  Drone x2  
  26  2:27  Drone  
  26  2:28  Drone  
  30  2:44  Hatchery  
  30  2:46  Drone  
  30  2:50  Drone  
  30  2:51  Drone  
  32  2:55  Drone  
  32  2:58  Drone x2  
  35  3:04  Overlord  
  35  3:08  Overlord  
  35  3:13  Drone  
  35  3:19  Overlord  
  36  3:24  Drone x3  
  39  3:38  Drone  
  39  3:41  Drone  
  41  3:44  Queen  
  45  3:49  Extractor  
  44  4:00  Queen  
  46  4:04  Drone x9  
  46  4:09  Lair  
  53  4:12  Drone x3  
  56  4:19  Zergling x14  
  63  4:29  Evolution Chamber  
  62  4:48  Evolution Chamber  
  61  4:54  Overlord x4, Hatchery  
  60  5:00  Zerg Missile Weapons Level 1  
  60  5:06  Drone x3, Extractor x2  
  62  5:07  Drone x2, Extractor  
  62  5:08  Overlord x3, Extractor  
  62  5:12  Hydralisk Den  
  60  5:18  Baneling Nest  
  60  5:19  Drone x4  
  63  5:42  Hydralisk x3, Muscular Augments  
  69  5:57  Drone x2  
  69  5:58  Drone x2  
  69  5:59  Drone x2  
  69  6:00  Drone x4  
  69  6:01  Drone x2  
  69  6:04  Centrifugal Hooks  
  81  6:05  Drone x3  
  81  6:06  Drone x2  
  81  6:07  Hatchery  
  85  6:19  Hydralisk x2, Spore Crawler x2  
  87  6:27  Hydralisk  
  87  6:28  Hydralisk  
  87  6:30  Zergling x12  
  97  6:42  Overseer  
  97  6:51  Queen  
  97  6:52  Drone x8  
  107  6:56  Grooved Spines, Zerg Missile Weapons Level 2  
  107  6:58  Hydralisk x3  
  113  7:07  Overseer  
  112  7:21  Hydralisk x6  
  112  7:22  Zergling x2, Overlord  
  125  7:23  Overlord x2  
  125  7:28  Zerg Ground Armor Level 1  
  125  7:30  Baneling x3  
  125  7:31  Baneling  
  125  7:34  Overlord x4  
  125  7:43  Hydralisk  
  125  7:44  Overlord  
  124  7:59  Hydralisk x7, Zergling x10  
  124  8:00  Zergling x2  
  124  8:01  Zergling x2  
  145  8:11  Hydralisk x5  
  155  8:24  Hydralisk x4  
  162  8:32  Hydralisk x3  
  165  8:45  Hydralisk  
  165  8:46  Hydralisk x3, Zergling x2  
  165  8:47  Zergling x24  
  173  8:53  Hydralisk x3  
  173  8:54  Zergling x2  
  173  8:55  Zergling x2  
  164  9:06  Hydralisk x4  
  164  9:07  Zergling x6  
  166  9:11  Drone x2  
  159  9:23  Hydralisk x4  
  167  9:26  Drone x3  
Show
View Real Time Build Order
Export as new Build Order

SailorMoon Protoss 

Build Orders: Archon Immortal 

Get SALT Encoding   

  12  0:00  Probe  
  13  0:12  Probe  
  14  0:22  Pylon  
  14  0:26  Probe  
  15  0:40  Gateway, Probe  
  16  0:52  Probe  
  16  0:54  Assimilator  
  17  1:04  Probe  
  18  1:16  Probe  
  19  1:28  Cybernetics Core, Probe  
  19  1:39  Assimilator  
  19  1:40  Probe  
  19  1:43  Pylon  
  20  1:52  Probe  
  21  1:58  Nexus  
  21  2:05  Warp Gate  
  21  2:14  Gateway  
  21  2:17  Stalker  
  23  2:24  Probe  
  24  2:36  Probe  
  25  2:48  Probe  
  25  2:50  Pylon  
  26  2:58  Sentry  
  28  3:00  Probe  
  28  3:05  Pylon  
  30  3:12  Probe  
  30  3:16  Robotics Facility  
  30  3:24  Probe x2  
  30  3:25  Twilight Council  
  31  3:32  Probe x2  
  32  3:38  Sentry  
  32  3:40  Probe x2  
  36  3:45  Assimilator  
  36  3:48  Probe x2, Assimilator  
  40  3:56  Probe x2  
  42  4:04  Charge  
  42  4:07  Probe x2  
  44  4:20  Probe x2  
  44  4:21  Gateway  
  44  4:22  Gateway  
  46  4:26  Gateway  
  46  4:32  Probe x2  
  46  4:35  Immortal  
  48  4:44  Probe x2  
  54  4:47  Sentry  
  56  4:56  Probe  
  57  5:12  Dark Shrine  
  57  5:20  Stalker x2  
  61  5:39  Gateway  
  61  5:40  Gateway  
  61  5:43  Gateway  
  61  5:51  Pylon  
  61  5:54  Pylon  
  61  5:56  Pylon  
  61  5:57  Pylon  
  61  5:59  Immortal  
  65  6:22  Templar Archives  
  65  6:28  Immortal  
  65  6:33  Sentry x2  
  65  6:37  Zealot x5  
  65  6:38  Zealot  
  85  6:49  Shield Battery  
  85  6:52  Forge  
  85  6:58  Pylon  
  87  7:09  High Templar  
  87  7:10  High Templar x2  
  87  7:14  Warp Prism  
  93  7:18  Pylon  
  93  7:19  Pylon  
  93  7:21  Pylon  
  93  7:23  Pylon  
  93  7:25  Pylon  
  93  7:27  Pylon  
  93  7:33  Photon Cannon  
  93  7:35  Shield Battery  
  93  7:39  Photon Cannon  
  93  7:42  High Templar x3  
  93  7:43  Photon Cannon, High Templar  
  101  7:46  Photon Cannon  
  101  7:47  Archon x3  
  99  8:00  Zealot x3  
  99  8:01  Zealot  
  107  8:06  Observer  
  108  8:15  High Templar  
  108  8:16  High Templar  
  108  8:17  Zealot x2  
  108  8:19  Observer  
  116  8:22  Archon  
  75  8:57  Zealot x5  
  75  8:58  Immortal, Zealot x3  
  57  9:21  High Templar x2  
  57  9:22  High Templar x2  
  57  9:23  Zealot  
  57  9:24  Zealot x3  
  69  9:28  Archon x2  
Tags
 
Composition
Archon Immortal
Matchup
PvZ
Replay Pack
Myownreplay2
Spawn Locations
Cross Positions
Add a new tag
Caveats
  • Supply blocks, unpowered buildings, or Contaminate may cause inaccurate times.
  • Supply counts are checked every 10 seconds.